AoeStats
← lalopm9

Baltic

510446848Analyzed
4v4 RM · 24h ago on Oct 1, 2026· 52m 54s· 8 players
Game mode
Random Map
Map size
Large (8 player)
Population
200
Speed
Normal
Resources
Standard
Victory
Conquest
Starting age
Dark Age
Ending age
Imperial Age
RankedLock teamsTeams togetherTeam positionsShared explorationLock speedFull tech treeHidden civsTurbo modeCheats
Victory
Defeat
🇲🇽 Italians · Mexico
721
+16
🇦🇷 Romans · Argentina
703
+17
🇦🇷 Koreans · Argentina
688
+17
🇲🇽 Spanish · Mexico
673
+18
🇲🇽 Mapuche · Mexico
822
-20
🇲🇽 Burgundians · Mexico
730
-18
🇲🇽 Byzantines · Mexico
685
-16
🇲🇽 Huns · Mexico
645
-14
lalopm9
1:01 Loom
12:34 Feudal Age
14:15 Wheelbarrow
13:30 Double-Bit Axe
15:09 Gold Mining
16:20 Stone Mining
20:42 Horse Collar
22:49 Fishing Lines
25:16 Fletching
25:33 Scale Barding Armor
29:56 Castle Age
30:56 Medium Warships
30:06 Demolition Ship
30:38 Gillnets
30:54 Heavy Plow
30:55 Bodkin Arrow
31:20 Chain Barding Armor
31:20 Bow Saw
33:53 Hand Cart
34:31 Ballistics
39:00 Husbandry
39:10 Bloodlines
38:21 Light Cavalry
41:35 Padded Archer Armor
53:11 Imperial Age
51:02 Leather Archer Armor
ROMA
0:26 Loom
12:44 Feudal Age
13:40 Double-Bit Axe
18:06 Wheelbarrow
17:31 Fishing Lines
22:23 Castle Age
20:40 Horse Collar
23:51 Bow Saw
23:25 Pikeman
24:06 Squires
25:21 Fletching
25:33 Padded Archer Armor
25:44 Forging
25:35 Scale Mail Armor
26:37 Medium Warships
27:11 Gold Mining
27:12 Stone Mining
32:51 Imperial Age
32:11 Gillnets
35:06 Chemistry
34:27 Ballistics
38:32 Guard Tower
38:39 Murder Holes
40:37 Iron Casting
40:17 Chain Mail Armor
41:27 Arson
42:32 Conscription
43:18 Silk Road
45:01 Pirotechnia
48:17 Two-Man Saw
48:48 Leather Archer Armor
48:28 Bodkin Arrow
49:46 Capped Ram
51:09 Hand Cart
50:44 Town Watch
51:13 Thumb Ring
Hachita Ludueña
7:10 Loom
10:15 Feudal Age
11:03 Double-Bit Axe
21:32 Castle Age
19:51 Horse Collar
21:49 Stone Mining
21:56 Gold Mining
23:33 Wheelbarrow
23:21 Medium Warships
27:21 Bow Saw
27:29 Hand Cart
28:00 Gold Shaft Mining
33:27 Imperial Age
31:28 Ballistics
31:23 Clinker Construction
31:27 Careening
32:31 Heavy Plow
35:10 Chemistry
34:32 Shipwright
34:34 Carvel Hull
34:39 Town Watch
35:31 Crop Rotation
35:55 Bloodlines
35:46 Husbandry
39:27 Forging
39:22 Scale Barding Armor
42:06 Squires
43:06 Iron Casting
42:52 Chain Barding Armor
43:21 Comitatenses
45:19 Blast Furnace
47:25 Pikeman
48:14 Scale Mail Armor
50:15 Chain Mail Armor
DiamanteX3191
12:30 Feudal Age
14:01 Wheelbarrow
13:13 Loom
13:19 Double-Bit Axe
13:20 Fishing Lines
13:38 Gold Mining
14:01 Stone Mining
14:53 Horse Collar
17:09 Town Watch
21:26 Castle Age
22:44 Stone Shaft Mining
22:46 Gold Shaft Mining
22:28 Gillnets
22:58 Bow Saw
22:52 Heavy Plow
24:16 Hand Cart
30:28 Imperial Age
29:49 Ballistics
29:22 Fletching
29:30 Murder Holes
29:46 Masonry
29:48 Scale Barding Armor
31:19 Eupseong
32:25 Chemistry
33:03 Arrowslits
33:49 Architecture
34:27 Conscription
34:34 Bodkin Arrow
36:45 Thumb Ring
36:06 Elite War Wagon
40:02 Two-Man Saw
40:32 Bracer
40:53 Chain Barding Armor
40:40 Husbandry
40:19 Elite Turtle Ship
41:57 Fervor
42:08 Sanctity
41:58 Caravan
Malefactor
11:49 Feudal Age
20:11 Castle Age
18:00 Double-Bit Axe
17:56 Horse Collar
19:15 Forging
20:56 Scale Barding Armor
23:30 Bow Saw
24:43 Wheelbarrow
25:21 Heavy Plow
26:18 Husbandry
27:34 Stone Mining
27:41 Gold Mining
29:08 Caravan
31:17 Iron Casting
31:30 Stone Shaft Mining
32:32 Gold Shaft Mining
32:07 Light Cavalry
34:19 Chain Barding Armor
36:22 Hand Cart
39:15 Imperial Age
39:24 Imperial Age
36:42 Loom
37:05 Scale Mail Armor
36:55 Fletching
37:06 Padded Archer Armor
38:33 Chain Mail Armor
39:04 Squires
38:24 Pikeman
40:59 Plate Barding Armor
39:48 Cavalier
41:34 Heavy Camel Rider
43:21 Crop Rotation
46:15 Logistica
46:25 Conscription
raul_ruizv
3:46 Loom
11:11 Feudal Age
12:32 Double-Bit Axe
14:18 Horse Collar
22:29 Castle Age
21:13 Gold Mining
22:18 Stone Mining
23:42 Elite Skirmisher
23:43 Pikeman
24:26 Heavy Plow
24:36 Bow Saw
26:19 Caravan
32:04 Gold Shaft Mining
32:05 Stone Shaft Mining
35:29 Ballistics
35:15 Malon
39:04 Fletching
39:15 Padded Archer Armor
decs0793
11:32 Feudal Age
14:52 Double-Bit Axe
15:02 Gold Mining
17:38 Castle Age
20:33 Bow Saw
31:34 Wheelbarrow
36:37 Imperial Age
34:10 Loom
35:37 Scale Barding Armor
35:34 Scale Mail Armor
35:44 Forging
35:27 Fletching
35:38 Padded Archer Armor
36:28 Ballistics
36:20 Masonry
36:07 Murder Holes
38:27 Chemistry
38:22 Conscription
38:59 Elite Tarkan
39:44 Marauders
39:42 Pikeman
40:23 Squires
41:12 Elite Skirmisher
41:30 Halberdier
43:36 Hand Cart
joseabrojo
0:26 Loom
6:15 Double-Bit Axe
13:59 Feudal Age
19:30 Castle Age
18:16 Stone Mining
18:40 Bow Saw
18:15 Horse Collar
19:50 Town Watch
20:45 Wheelbarrow
22:44 Two-Man Saw
22:38 Forging
22:42 Heavy Plow
23:15 Fletching
25:22 Scale Barding Armor
27:31 Elite Skirmisher
29:06 Padded Archer Armor
30:30 Husbandry
34:55 Scale Mail Armor
36:10 Chain Mail Armor
37:23 Iron Casting
37:40 Hand Cart
38:26 Cavalier
39:11 Gold Mining
41:56 Squires
41:41 Arson
45:19 Imperial Age
45:00 Chain Barding Armor
44:36 Bodkin Arrow
46:00 Fortified Wall
47:10 Light Cavalry
48:26 Bracer
50:31 Conscription
50:50 Hussar
Connection lost

Rejoining the realm…

Still unreachable

The connection could not be restored.

Session expired

The server has moved on; the page needs a fresh start.